 Dungeon Crawl Stone Soup version 0.22-a0-414-gacd343e (webtiles) character file.

249 Mgcat the Poker (level 6, -14/51 HPs)
             Began as a Merfolk Hunter on May 13, 2018.
             Was an Initiate of Okawaru.
             Hit by a tomahawk thrown by an orc warrior (18 damage)
             ... on level 4 of the Dungeon.
             The game lasted 00:10:17 (2797 turns).

Mgcat the Poker (Merfolk Hunter)                    Turns: 2797, Time: 00:10:18

Health: -14/51     AC:  5    Str: 14    XL:     6   Next: 12%
Magic:  6/6        EV: 11    Int: 11    God:    Okawaru [......]
Gold:   169        SH:  0    Dex: 14    Spells: 5/5 levels left

rFire    . . .     SeeInvis .   l - +0 spear
rCold    . . .     Gourm    .   (no shield)
rNeg     . . .     Faith    .   m - +0 ring mail
rPois    .         Spirit   .   (no helmet)
rElec    .         Reflect  .   (no cloak)
rCorr    .         Harm     .   (no gloves)
MR       .....                  (no boots)
Stlth    +.........             (no amulet)
HPRegen  0.17/turn              n - ring of flight {+Fly, !d}
MPRegen  0.10/turn              (no ring)

@: no status effects
A: change form in water, swift swim, stealthy swim
a: Renounce Religion, Evoke Flight


You were on level 4 of the Dungeon.
You worshipped Okawaru.
Okawaru was noncommittal.
You were not hungry.

You visited 1 branch of the dungeon, and saw 4 of its levels.

You collected 169 gold pieces.

Inventory:

Hand Weapons
 l - a +0 spear (weapon)
   (You found it on level 1 of the Dungeon)
Missiles
 c - 4 javelins (quivered)
 d - 3 throwing nets {=f, !d}
Armour
 b - a +0 leather armour
 m - a +0 ring mail (worn)
   (You found it on level 1 of the Dungeon)
Jewellery
 n - a ring of flight (left hand) {+Fly, !d}
   (You found it on level 1 of the Dungeon)
 r - a +2 ring of strength {unknown}
   (You found it on level 3 of the Dungeon)
Wands
 k - a wand of flame (20)
   (You took it off Ijyb on level 3 of the Dungeon)
 u - a wand of iceblast (8)
   (You found it on level 3 of the Dungeon)
Scrolls
 g - 7 scrolls of identify {unknown}
 p - a scroll of teleportation
 q - a scroll of remove curse
Potions
 a - 2 potions of brilliance {unknown}
 h - a potion of lignification {unknown}
 j - a potion of berserk rage {unknown}
 o - 2 potions of curing {unknown}
 t - 4 potions of haste {unknown}
 v - a potion of magic {unknown}
 x - a potion of resistance
 z - a potion of agility {unknown}
Comestibles
 f - 8 rations
 i - 4 chunks of flesh {@w0}


   Skills:
 + Level 5.0 Fighting
 + Level 5.6 Polearms
 - Level 4.1 Throwing
 - Level 2.6 Dodging
 - Level 1.1 Stealth


You had 5 spell levels left.
You didn't know any spells.
Your spell library was empty.

Dungeon Overview and Level Annotations

Branches:
Dungeon (4/15)
 Temple: D:4-7

Altars:
Elyvilon
Okawaru
The Shining One

Annotations:
D:3 2 transporters


Message History

There is a stone staircase leading down here.
You see here 9 arrows.
There is a stone staircase leading down here.
You climb downwards.
You hear the hiss of flowing sand.
There is an entrance to an ossuary on this level.
Hurry and find it before the portal is buried!
There is a stone staircase leading up here.
You climb upwards.
Level annotation: 2 transporters
There is a stone staircase leading down here.
You see here a hunting sling.
There is a stone staircase leading down here.
You climb downwards.
You hear the hiss of flowing sand.
There is an entrance to an ossuary on this level.
Hurry and find it before the portal is buried!
You hear the slow hiss of a very distant avalanche of sand.
There is a stone staircase leading up here.
You open the door.
Found an escape hatch in the ceiling.
You are feeling very hungry.
Found a stone staircase leading down.
There is an open door here.
An ogre comes into view. It is wielding a giant spiked club.
Throwing (i - inventory)
c - 6 javelins (quivered)
Press: ? - help, Shift-Dir - straight line, f - ogre
Aim: an ogre, wielding a giant spiked club (hasn't noticed you)
You throw a javelin. The javelin barely misses the ogre.
Throwing (i - inventory)
c - 5 javelins (quivered)
Press: ? - help, Shift-Dir - straight line, f/p - ogre
Aim: an ogre, wielding a giant spiked club You throw a javelin.
The javelin hits the ogre!
The ogre is heavily wounded.
Throwing (i - inventory)
c - 4 javelins (quivered)
Press: ? - help, Shift-Dir - straight line, f/p - ogre
Aim: an ogre, wielding a giant spiked club (heavily wounded)
You throw a javelin. The javelin hits the ogre.
The ogre is heavily wounded.
Throwing (i - inventory)
c - 3 javelins (quivered)
Press: ? - help, Shift-Dir - straight line, f/p - ogre
Aim: an ogre, wielding a giant spiked club (heavily wounded)
You throw a javelin. The javelin hits the ogre.
The ogre is severely wounded.
Throwing (i - inventory)
c - 2 javelins (quivered)
Press: ? - help, Shift-Dir - straight line, f/p - ogre
Aim: an ogre, wielding a giant spiked club (severely wounded)
You throw a javelin. The javelin hits the ogre.
The ogre is severely wounded.
The ogre hits you with a giant spiked club.
You hit the ogre.
The ogre is severely wounded.
Throwing (i - inventory)
c - a javelin (quivered)
Press: ? - help, Shift-Dir - straight line, f/p - ogre
Aim: an ogre, wielding a giant spiked club (severely wounded)
You throw a javelin. The javelin hits the ogre.
The ogre is almost dead.
The ogre barely misses you.
You hit the ogre.
The ogre is almost dead.
The ogre closely misses you.
You closely miss the ogre.
The ogre is almost dead.
The ogre hits you with a giant spiked club!
* * * LOW HITPOINT WARNING * * *
You barely miss the ogre.
The ogre is almost dead.
You hit the ogre.
You kill the ogre!
Okawaru accepts your kill.
Your Fighting skill increases to level 5!
Your Polearms skill increases to level 5!
You have reached level 6!
Your experience leads to an increase in your attributes!
Increase (S)trength, (I)ntelligence, or (D)exterity?
You feel stronger.
c - 2 javelins
Things that are here:
a giant spiked club; an ogre corpse You butcher the ogre corpse.
i - 5 chunks of flesh {@w0}
Things that are here:
a giant spiked club; an ogre skeleton Eating one of 5 chunks of flesh {@w0}.
You eat one of the 5 chunks of flesh {@w0}.
This raw flesh tastes terrible.
Okay, then.
Unknown command.
c - 3 javelins (gained 1)
c - 4 javelins (gained 1)
You see here a javelin.
The orc warrior shouts!
The orc warrior throws a tomahawk.
The tomahawk hits you.
* * * LOW HITPOINT WARNING * * *
You see here a tomahawk.
The orc warrior throws a tomahawk.
The tomahawk closely misses you.
The orc warrior throws a tomahawk.
The tomahawk hits you.
* * * LOW HITPOINT WARNING * * *
You see here a tomahawk.
There is an escape hatch in the ceiling here.
The orc warrior throws a tomahawk.
The tomahawk hits you!!
You die...

#############*********
#............,,,,,,,,,
#####..........##*****,,,,
#...'.........o.o,,,,,,,,,
#.###..........#****,,,,,,
###.# #.)..@.....# *,,,,,,
#<..# #....(.....# ****,,,
#####
#..........#*****,,,**
#...((.>...+,,,,,,,,*
#.....(....#**,,,,,,**
#..........#*,,,,,,,,,
#####...(.##*,,,,*+,**
*****#.....# *,,,,,,,*
*,,,,......# *,,,,,,,**


You could see an orc warrior and an orc wizard (wandering).

Vanquished Creatures
  An ogre (D:4)
  An orc wizard (D:3)
  Ijyb (D:3)
  5 adders
  A shadow imp (D:3)
  An ooze (D:3)
  A worm (D:2)
  3 dart slugs
  2 orcs
  A giant cockroach (D:2)
  8 hobgoblins
  3 kobolds
  2 ball pythons
  10 bats
  7 frilled lizards
  4 goblins
  5 rats
56 creatures vanquished.

Notes
Turn   | Place    | Note
-------+----------+-------------------------------------------
     0 | D:1      | Mgcat the Merfolk Hunter began the quest for the Orb.
     0 | D:1      | Reached XP level 1. HP: 16/16 MP: 1/1
   184 | D:1      | Found an iron altar of Okawaru.
   405 | D:1      | Reached XP level 2. HP: 23/23 MP: 2/2
   426 | D:1      | Reached skill level 1 in Polearms
   598 | D:1      | Became a worshipper of Warmaster Okawaru
   807 | D:2      | Reached skill level 3 in Fighting
   859 | D:2      | Reached skill level 2 in Polearms
   943 | D:2      | Reached XP level 3. HP: 26/29 MP: 3/3
  1209 | D:2      | Reached skill level 3 in Polearms
  1209 | D:2      | Reached XP level 4. HP: 26/35 MP: 4/4
  1737 | D:3      | Found a transporter.
  2000 | D:3      | Reached skill level 4 in Fighting
  2000 | D:3      | Reached skill level 4 in Polearms
  2139 | D:3      | Found a white marble altar of Elyvilon.
  2224 | D:3      | Noticed Ijyb
  2237 | D:3      | Killed Ijyb
  2237 | D:3      | Reached XP level 5. HP: 21/42 MP: 5/5
  2372 | D:3      | Found a glowing golden altar of the Shining One.
  2451 | D:3      | Found a transporter.
  2628 | D:4      | Noticed an orc warrior
  2771 | D:4      | Noticed an ogre
  2779 | D:4      | HP: 10/43 [ogre/giant spiked club (14)]
  2781 | D:4      | Killed an ogre
  2781 | D:4      | Reached skill level 5 in Fighting
  2781 | D:4      | Reached skill level 5 in Polearms
  2781 | D:4      | Reached XP level 6. HP: 13/51 MP: 6/6
  2793 | D:4      | HP: 10/51 [orc warrior/tomahawk (5)]
  2795 | D:4      | HP: 4/51 [orc warrior/tomahawk (6)]
  2797 | D:4      | Hit by a tomahawk thrown by an orc warrior

Vault maps used:
D:1:      minmay_arrival_split_and_join, okawaru_ov_weapons_minmay
D:2:      first_ration, serial_forest, infiniplex_forest_lined_room_3,
          infiniplex_forest_lined_room_, infiniplex_forest_lined_3,
          infiniplex_forest_clump_medium, infiniplex_forest_end_double,
          infiniplex_forest_straight_2, infiniplex_forest_clump_medium,
          infiniplex_forest_lined_2
D:3:      gammafunk_wand_slinger, elyvilon_altar_1, tso_oasis_becter, uniq_ijyb
D:4:      gammafunk_temple_overflow_wave, overflow_temple_1_default,
          lemuel_doored_altar, enter_ossuary_2, minmay_lizard_king,
          uniq_blork_the_orc, uniq_menkaure, uniq_crazy_yiuf_cottage

Skill      XL: |  1  2  3  4  5 |
---------------+----------------+-----
Polearms       | 2 3 4 5 |  5.6
Fighting       | 3 4 5 |  5.0
Throwing       | |  4.1
Dodging        | |  2.6
Stealth        | |  1.1

Action                   |  1- 3 |  4- 6 || total
-------------------------+-------+-------++-------
Melee: Short sword       |    12 |       ||    12
       Spear             |    66 |   131 ||   197
Throw: Javelin           |     7 |    18 ||    25
Evoke: Wand              |       |     4 ||     4
  Use: Scroll            |       |     5 ||     5
 Stab: Sleeping          |     1 |       ||     1
  Eat: Chunk             |     1 |     5 ||     6
Armor: Leather armour    |     3 |       ||     3
       Ring mail         |    18 |    32 ||    50
Dodge: Dodged            |    39 |    70 ||   109

Table legend:
 A = Spawn XP
 B = Non-spawn XP
 C = Spawn XP percentage of total XP
 D = Spawn monster count
 E = Non-spawn monster count
 F = Spawn count percentage of total count
 G = Total turns spent on level
                    A         B        C        D         E        F      G
               +---------+---------+-------+---------+---------+-------+---------
         Total |       0 |     357 |   0.0 |       0 |      56 |   0.0 |  2797
               +---------+---------+-------+---------+---------+-------+---------
           D:1 |       0 |      18 |   0.0 |       0 |      12 |   0.0 |   792
           D:2 |       0 |      89 |   0.0 |       0 |      24 |   0.0 |  1170
           D:3 |       0 |     132 |   0.0 |       0 |      19 |   0.0 |   787
           D:4 |       0 |     118 |   0.0 |       0 |       1 |   0.0 |    48
               +---------+---------+-------+---------+---------+-------+---------

Vault maps used:
D:1:      minmay_arrival_split_and_join, okawaru_ov_weapons_minmay
D:2:      first_ration, serial_forest, infiniplex_forest_lined_room_3,
          infiniplex_forest_lined_room_, infiniplex_forest_lined_3,
          infiniplex_forest_clump_medium, infiniplex_forest_end_double,
          infiniplex_forest_straight_2, infiniplex_forest_clump_medium,
          infiniplex_forest_lined_2
D:3:      gammafunk_wand_slinger, elyvilon_altar_1, tso_oasis_becter, uniq_ijyb
D:4:      gammafunk_temple_overflow_wave, overflow_temple_1_default,
          lemuel_doored_altar, enter_ossuary_2, minmay_lizard_king,
          uniq_blork_the_orc, uniq_menkaure, uniq_crazy_yiuf_cottage

Table legend:
 A = Turns spent in this place as a percentage of turns spent in the entire game.
 B = Non-inter-level travel turns spent in this place as a percentage of non-inter-level travel turns spent in the entire game.
 C = Inter-level travel turns spent in this place as a percentage of turns spent in this place.
 D = Turns resting spent in this place as a percentage of non-inter-level travel turns spent in this place.
 E = Turns spent auto-exploring this place as a percentage of non-inter-level travel turns spent in this place.
 F = Non-inter-level travel turns spent in this place divided by the number of levels of this place that you've seen.
                   A       B       C       D       E      F
               +-------+-------+-------+-------+-------+----------------------
         Total | 100.0 | 100.0 |   9.5 |   5.1 |  71.6 | 633.0
       Dungeon | 100.0 | 100.0 |   9.5 |   5.1 |  71.6 | 633.0
               +-------+-------+-------+-------+-------+----------------------

Table legend:
 A = Kills in this place as a percentage of kills in entire the game.
 B = Kills by you in this place as a percentage of kills by you in the entire game.
 C = Kills by friends in this place as a percentage of kills by friends in the entire game.
 D = Other kills in this place as a percentage of other kills in the entire game.
 E = Experience gained in this place as a percentage of experience gained in the entire game.
 F = Experience gained in this place divided by the number of levels of this place that you have seen.
                   A       B       C       D       E      F
               +-------+-------+-------+-------+-------+----------------------
         Total | 100.0 | 100.0 |   N/A |   N/A | 100.0 |  89.2
       Dungeon | 100.0 | 100.0 |   N/A |   N/A | 100.0 |  89.2
               +-------+-------+-------+-------+-------+----------------------
